 Dungeon Crawl Stone Soup version 0.24.0-41-g2ae2f7f1be (webtiles) character file.

Game seed: 4316714448122526211, levelgen mode: deterministic

20 Gwanngwann the Grave Robber (level 2, 0/18 (20) HPs)
             Began as a Ghoul Necromancer on Dec 13, 2019.
             Slain by a hobgoblin (3 damage)
             ... on level 2 of the Dungeon.
             The game lasted 00:03:29 (1236 turns).

Gwanngwann the Grave Robber (Ghoul Necromancer)     Turns: 1236, Time: 00:03:29

HP:   0/18 (20)     AC:  3    Str: 11    XL:     2   Next: 79%
MP:   3/4           EV: 11    Int: 10    God:
Gold: 64            SH:  0    Dex:  9    Spells: 4/5 levels left

rFire    . . .     SeeInvis .   e - +0 mace
rCold    + . .     Gourm    .   (no shield)
rNeg     + + +     Faith    .   m - +0 leather armour
rPois    ∞         Spirit   .   (no helmet)
rElec    .         Reflect  .   (no cloak)
rCorr    .         Harm     .   (no gloves)
MR       .....                  (no boots)
Stlth    +.........             (no amulet)
HPRegen  0.00/turn              (no ring)
MPRegen  0.09/turn              (no ring)

@: rotting
A: rotting body, claws 1, carnivore, cold resistance 1, negative energy
resistance 3, inhibited regeneration, torment resistance, unbreathing
a: no special abilities


You were on level 2 of the Dungeon.
You were not hungry.

You visited 1 branch of the dungeon, and saw 2 of its levels.

You collected 64 gold pieces.

Inventory:

Hand Weapons
 e - a +0 mace (weapon)
 o - a +0 spear
Missiles
 b - 23 bolts
 i - 8 poisoned darts (quivered)
 n - 18 arrows
Armour
 a - a +0 robe
 l - a +0 scale mail
 m - a +0 leather armour (worn)
Scrolls
 g - 2 scrolls of amnesia {unknown}
 j - a scroll of random uselessness {unknown}
 k - a scroll of immolation {unknown}
Potions
 d - a potion of resistance {unknown}
 f - a potion of magic {unknown}
 h - 2 potions of haste {unknown}
Comestibles
 c - 3 rations


   Skills:
 + Level 2.0 Dodging
 + Level 2.1 Stealth
 + Level 2.1 Spellcasting
 + Level 4.3 Necromancy


You had 4 spell levels left.
You knew the following spells:

 Your Spells              Type           Power        Failure   Level  Hunger
a - Pain                  Necr           #...         7%          1    ##.....

Your spell library contained the following spells:

 Spells                   Type           Power        Failure   Level  Hunger
 Animate Skeleton         Necr           N/A          7%          1    ##.....
 Vampiric Draining        Necr           #.........   21%         3    ####...
 Regeneration             Chrm/Necr      #.........   45%         3    ####...
 Animate Dead             Necr           N/A          54%         4    #####..


Dungeon Overview and Level Annotations

Branches:
Dungeon (2/15)

Altars:


Innate Abilities, Weirdness & Mutations

Your body is rotting away.
You thrive on raw meat.
You are immune to poison.
You have sharp fingernails.
You are carnivorous and can eat meat at any time.
Your flesh is cold resistant. (rC+)
You are immune to negative energy. (rN+++)
You do not regenerate when monsters are visible.
You are immune to unholy pain and torment.
You can survive without breathing.


Message History

* * * LOW HITPOINT WARNING * * *
You barely miss the adder.
The adder is moderately wounded.
The adder closely misses you.
The frilled lizard hisses.
The adder closely misses you.
You thump the adder!
You kill the adder!
Casting: Pain (safe; 7% risk of failure)
Confirm with . or Enter, or press ? or * to list all spells.
Aiming: Pain (safe; 7% risk of failure)
Press: ? - help, Shift-Dir - straight line, f - hobgoblin
Aim: a hobgoblin (chance to defeat MR: 76%)
The hobgoblin writhes in agony.
The hobgoblin hits you.
* * * LOW HITPOINT WARNING * * *
You barely miss the hobgoblin.
The hobgoblin is lightly wounded.
The hobgoblin hits you but does no damage.
The hobgoblin hits you.
You die... #. .##.l########.. (..$rlg@......# .##..########## #

You could see a hobgoblin, 2 frilled lizards and a rat.

Vanquished Creatures
  An adder (D:2)
  An ooze (D:1)
  A dart slug (D:1)
  A giant cockroach (D:1)
  A bat (D:1)
  2 frilled lizards (D:1)
7 creatures vanquished.

Notes
Turn   | Place    | Note
-------+----------+-------------------------------------------
     0 | D:1      | Gwanngwann the Ghoul Necromancer began the quest for the
                  | Orb.
     0 | D:1      | Reached XP level 1. HP: 14/14 MP: 2/2
   377 | D:1      | Reached XP level 2. HP: 17/20 MP: 0/4
  1236 | D:2      | Slain by a hobgoblin

Levels and vault maps discovered:
D:1:      scummos_arrival_simple_fountains, layout_basic
D:2:      layout_loops_ring, chequers_ecumenical_altar_simple

Skill      XL: |  1  2 |
---------------+-------+-----
Spellcasting   | 2 |  2.1
Dodging        | 2 |  2.0
Stealth        | |  2.1
Necromancy     | |  4.3

Action                   || total
-------------------------++-------
Melee: Mace              ||    25
       Unarmed           ||     3
Throw: Dart              ||     2
 Cast: Pain              ||    10
  Eat: Chunk             ||     1
Armor: Robe              ||     5
       Leather armour    ||     5
Dodge: Dodged            ||    19
